Unix NetHack Version 3.7.0-101 Work-in-progress - last build Apr 1 2024 13:39:02 (cf3915abb6dcc6e3362b2b16a766b7b4f6c45fc9,branch:master). Game began 2024-04-05 23:09:13, ended 2024-04-05 23:16:50. finitelycraig, lawful female dwarven Valkyrie ---- ---..| -- ---- ....- --.--..| --- --- .... -- --......| .. |.-- ... .| --.....*.--.- |..| |.. .| |....<....|.| |.-- ..- ..| -........>..| --.--- -.--- ...| -....|.......-- --....| |`..------- ...| |....-|.|......| |.....| --....||...|...---- |..-- |.|.....-- ---...---- |.....--......-|.. --- ---e.....-- |......-- |-...........---.-- ---.@k.|.--- ---.......|---..........--.....---------..d|.-|.--- |.......).--............||.................|..|...-- --......--...........%...--........---.....---......--- |.......--.........................| --.---- --.......-- |.................)...........--...| --- --.......--- --..................---......----.-- |.........| ----....--.......--- ----..-- --- |.........| ---------.--.-- |..| --.|.--.--- ------ ---- ----- -- Finitelycraig the Stripling St:18/09 Dx:10 Co:15 In:6 Wi:7 Ch:10 Lawful Dlvl:4 $:95 HP:0(24) Pw:2(2) AC:5 Xp:2/37 T:1576 Latest messages: Lucey bites it. A - a crystal wand. There is nothing here to pick up. What do you want to write with? [- abgjpsxA or ?*] You write in the dust with your fingertip. What do you want to write with? [- abgjpsxA or ?*] Do you want to add to the current engraving? [ynq] (y) You add to the writing in the dust with a crystal wand. # What do you want to call? [efhiloprsu-xA or ?*] Lucey is almost hit by a dart! Lucey bites the gnome. The gnome is killed! Lucey grows up into a dog. You are beginning to feel hungry. You swap places with Lucey. B - 12 arrows. The lichen is almost hit by a dart! Lucey bites the lichen. The lichen misses Lucey. Lucey bites the lichen. The lichen is killed! What do you want to throw? [$bgB or ?*] In what direction? The arrow misses the floating eye. What do you want to throw? [$bgB or ?*] In what direction? The arrow hits the floating eye. What do you want to throw? [$bgB or ?*] In what direction? You kill the floating eye! What do you want to throw? [$bgB or ?*] Never mind. You see here 2 arrows. You swap places with Lucey. What do you want to eat? [dkz or ?*] It is not so easy to open this tin. You succeed in opening the tin. It contains spinach. Eat it? [yn] (n) This makes you feel like Popeye! You hit the floating eye! You are frozen by the floating eye's gaze! The kobold lord hits! The kobold lord hits! The kobold lord hits! The kobold lord hits! The kobold lord hits! The kobold lord hits! You die... Inventory: Coins ('$') $ - 95 gold pieces Weapons (')') B - 9 uncursed +0 arrows b - an uncursed +0 dagger (alternate weapon; not wielded) a - an uncursed +1 dwarvish spear (weapon in right hand) g - an uncursed +0 knife Armor ('[') n - an uncursed +0 pair of speed boots (being worn) c - an uncursed +3 small shield (being worn) Comestibles ('%') d - 2 uncursed food rations k - an uncursed lichen corpse Scrolls ('?') i - an uncursed scroll of enchant weapon f - a blessed scroll of identify r - an uncursed scroll of magic mapping l - an uncursed scroll of teleportation Spellbooks ('+') v - an uncursed spellbook of detect treasure Potions ('!') o - an uncursed potion of healing u - a cursed potion of sickness h - an uncursed potion of speed e - an uncursed potion of water Wands ('/') j - an uncursed wand of light (0:12) p - an uncursed wand of striking (0:6) A - an uncursed wand of undead turning (0:7) Tools ('(') y - an uncursed lock pick w - an uncursed mirror Gems/Stones ('*') s - 2 uncursed worthless pieces of black glass x - 4 uncursed worthless pieces of white glass Finitelycraig the Valkyrie's attributes: Background: You were a Stripling, a level 2 dwarven Valkyrie. You were lawful, nominally on a mission for Tyr who was opposed by Odin (neutral) and Loki (chaotic). You were right-handed. You were in the Gnomish Mines, on level 4. You entered the dungeon 1576 turns ago. It was nighttime. You had 37 experience points, 3 more were needed to attain level 3. Basics: You had 0 out of 24 hit points. You had both energy points (spell power). Your armor class was 5. Your wallet contained 95 zorkmids. Autopickup was on for '$?!"=/*', with exceptions. Final Characteristics: Your strength was 18/09 (limit:18/100). Your dexterity was 10 (limit:20). Your constitution was 15 (limit:20). Your intelligence was 6 (limit:16). Your wisdom was 7 (limit:16). Your charisma was 10 (limit:16). Final Status: You weren't hungry. You were unencumbered. You were wielding a spear. You had basic skill with spear. Final Attributes: You were devoutly aligned. You were cold resistant. You had infravision. You were very fast. You are dead. Miscellaneous: You disabled loading of bones levels. Total elapsed playing time was 7 minutes and 37 seconds. Major events: Turn 1: finitelycraig the lawful dwarven Valkyrie entered the dungeon 417: entered the Gnomish Mines 1576: killed by a kobold lord, while frozen by a floating eye's gaze Vanquished creatures: a shrieker a floating eye 2 giant rats a cave spider 2 yellow molds 9 gnomes 5 jackals a fox a goblin 2 sewer rats 2 grid bugs 3 lichens a kobold zombie 4 newts 35 creatures vanquished. No species were genocided or became extinct. Voluntary challenges: You were an atheist. You read items or engraved 6 times. You never engraved Elbereth. You never genocided any monsters. You never polymorphed an object. You never changed form. You used no wishes. Achievement: You entered the Gnomish Mines. The Dungeons of Doom: levels 1 to 5 Level 1: Level 2: A fountain. Stairs down to The Gnomish Mines. Level 3: A fountain. Level 4: Level 5: The Gnomish Mines: levels 3 to 4 Level 3: Level 4: <- You were here. Final resting place for you, killed by a kobold lord, while frozen by a floating eye's gaze. Game over: ---------- / \ / REST \ / IN \ / PEACE \ / \ | finitelycraig | | 95 Au | | killed by a | | kobold lord | | | | | | 2024 | *| * * * | * _________)/\\_//(\/(/\)/\//\/|_)_______ Farvel finitelycraig the Valkyrie... You died in The Gnomish Mines on dungeon level 4 with 444 points, and 95 pieces of gold, after 1576 moves. You were level 2 with a maximum of 24 hit points when you died.